Map: Hardwire LE

Players

Brennan - Winner!

  • Race: Terran Terran
  • League: Platinum

Pandemic

  • Race: Terran Terran
  • League: Platinum

VOD

Have the link to the VOD?

Description

Time

  • Played on: Oct. 21, 2021, 5:57 p.m.
  • Length: 6:33
Show
View Real Time Build Order
Export as new Build Order

Brennan Terran - Winner!

Build Orders: 2 Factory 

Get SALT Encoding   

  12  0:01  SCV  
  13  0:13  SCV  
  14  0:18  Supply Depot  
  14  0:25  SCV  
  15  0:35  Refinery  
  15  0:41  Barracks  
  15  0:44  SCV  
  16  0:56  SCV  
  17  0:57  Supply Depot  
  17  1:04  Refinery  
  17  1:08  SCV  
  18  1:21  SCV  
  19  1:34  Orbital Command  
  19  1:36  Barracks Tech Lab  
  19  1:47  Factory  
  19  2:02  Factory  
  19  2:03  Marine  
  19  2:07  SCV  
  21  2:19  SCV  
  22  2:31  SCV  
  22  2:34  Armory  
  23  2:42  Factory Tech Lab, Marine  
  24  2:44  SCV  
  25  2:55  Supply Depot  
  25  2:56  SCV  
  26  3:01  Supply Depot  
  26  3:08  SCV  
  27  3:12  Marine  
  27  3:20  Thor, SCV  
  32  3:30  Marine  
  33  3:46  Thor  
  33  3:48  Marine  
  35  4:13  Thor  
  35  4:14  SCV  
  42  4:22  Marine  
  43  4:26  SCV  
  44  4:38  SCV  
  44  4:40  Marine  
  46  4:58  Marine  
  47  5:09  Thor  
  47  5:10  Supply Depot  
  53  5:16  Marine  
  53  5:33  Marine  
  48  5:51  Marine  
Show
View Real Time Build Order
Export as new Build Order

Pandemic Terran 

Build Orders:  

Get SALT Encoding   

  12  0:00  SCV  
  13  0:12  SCV  
  14  0:18  Supply Depot  
  14  0:24  SCV  
  15  0:39  SCV  
  15  0:40  Barracks  
  16  0:44  Refinery  
  16  0:51  SCV  
  17  0:59  Refinery  
  17  1:03  SCV  
  18  1:15  SCV  
  19  1:24  Barracks  
  19  1:28  Reaper, SCV  
  21  1:33  Supply Depot  
  21  1:46  Orbital Command  
  21  2:01  Reaper  
  22  2:13  Barracks Reactor  
  22  2:15  Barracks  
  22  2:17  SCV  
  23  2:29  SCV  
  24  2:33  Reaper  
  25  2:41  SCV  
  26  2:46  Barracks Reactor  
  26  2:53  Factory  
  26  2:54  SCV  
  27  3:04  Barracks Reactor  
  28  3:09  SCV  
  28  3:25  SCV  
  29  3:33  Reaper x2  
  31  3:35  Barracks Reactor  
  31  3:37  SCV  
  31  3:38  Factory Tech Lab  
  31  3:41  Starport  
  31  3:50  Supply Depot x2  
  31  3:52  Supply Depot  
  31  3:55  Supply Depot  
  31  4:05  Reaper  
  31  4:06  Reaper  
  31  4:12  SCV  
  31  4:13  Siege Tank  
  36  4:22  Command Center  
  36  4:24  Starport Tech Lab, SCV  
  37  4:35  Engineering Bay  
  37  4:36  SCV  
  38  4:39  Marine  
  38  4:41  Reaper  
  38  4:45  Siege Tank  
  41  4:48  SCV  
  40  5:01  Marine x5  
  44  5:08  SCV  
  44  5:13  Marine  
  46  5:17  Siege Tank  
  46  5:20  SCV  
  47  5:32  Marine, SCV  
  47  5:33  Marine x5  
  43  5:44  SCV  
  36  5:50  Marine x2  
  36  5:51  Marine x4  
Tags
 
Matchup
TvT
Opening
2 Factory
Race
Terran
Replay Pack
Oct2021
Add a new tag
Caveats
  • Supply blocks, unpowered buildings, or Contaminate may cause inaccurate times.
  • Supply counts are checked every 10 seconds.